 Dungeon Crawl Stone Soup version 0.26.1-11-gd32895ea62 (webtiles) character file.

Game seed: 16497205527689207260

4529 hawla the Thaumaturge (level 10, 0/56 HPs)
             Began as a Deep Elf Conjurer on July 18, 2021.
             Slain by a two-headed ogre
             ... wielding a +0 giant club
              (17 damage)
             ... on level 9 of the Dungeon on July 21, 2021.
             The game lasted 00:26:46 (12698 turns).

hawla the Thaumaturge (Deep Elf Conjurer)          Turns: 12698, Time: 00:26:48

Health: 0/56       AC:  6    Str:  4    XL:     10   Next: 17%
Magic:  21/25      EV: 14    Int: 27    God:
Gold:   301        SH:  0    Dex: 13    Spells: 20/27 levels left

rFire    . . .     SeeInvis .   w - +3 quarterstaff (chaos)
rCold    . . .     Faith    .   (shield currently unavailable)
rNeg     . . .     Spirit   .   a - +0 robe
rPois    .         Reflect  .   x - +0 helmet (curse)
rElec    .         Harm     .   e - +2 cloak
rCorr    +         Rampage  .   (no gloves)
Will     +....                  (no boots)
Stlth    +++.......             (no amulet)
HPRegen  0.18/turn              b - ring of resist corrosion
MPRegen  0.19/turn              y - ring of wizardry

@: no status effects
A: no striking features
a: no special abilities


You were on level 9 of the Dungeon.
You visited 2 branches of the dungeon, and saw 11 of its levels.
You also visited: Sewer.

You collected 383 gold pieces.
You spent 82 gold pieces at shops.

Inventory:

Hand Weapons
 w - a +3 quarterstaff of chaos (weapon)
Missiles
 c - 71 poisoned darts (quivered)
 d - 4 boomerangs of dispersal
 i - 4 silver javelins
Armour
 a - a +0 robe (worn)
 e - a +2 cloak (worn)
 x - a cursed +0 helmet (worn)
Magical Staves
 u - an uncursed staff of fire
Jewellery
 b - a ring of resist corrosion (left hand)
 y - a ring of wizardry (right hand)
Wands
 v - a wand of disintegration (19)
Scrolls
 f - a scroll of teleportation
 g - a scroll of amnesia
 j - 3 scrolls of remove curse
 p - a scroll of fear
 r - 3 scrolls of magic mapping
 s - a scroll of blinking
 t - a scroll of fog
 B - a scroll of holy word
 C - a scroll of summoning {unknown}
Potions
 h - 4 potions of curing
 k - a potion of mutation {unknown}
 l - 2 potions of flight {unknown}
 m - 4 potions of brilliance {unknown}
 n - 2 potions of magic {unknown}
 o - 2 potions of heal wounds
 q - a potion of might {unknown}
 z - a potion of attraction {unknown}
 A - a potion of cancellation {unknown}


   Skills:
 + Level 3.0 Fighting
 + Level 5.3 Staves
 + Level 1.0 Throwing
 + Level 4.8 Dodging
 + Level 5.2 Stealth
 + Level 9.4 Spellcasting
 + Level 9.2 Conjurations
 + Level 1.0 Necromancy
 + Level 5.1 Translocations
 + Level 1.0 Transmutations
 + Level 1.0 Fire Magic
 + Level 4.3 Earth Magic
 + Level 1.0 Evocations


You had 20 spell levels left.
You knew the following spells:

 Your Spells              Type           Power        Failure   Level
a - Magic Dart            Conj           100%         1%          1
b - Searing Ray           Conj           100%         1%          2
c - Iskenderun's Mystic   Conj/Tloc      51%          1%          4

Your spell library contained the following spells:

 Spells                   Type           Power        Failure   Level
 Dazzling Flash           Conj/Hex       74%          1%          3
 Fulminant Prism          Conj/Hex       18%          2%          4


Dungeon Overview and Level Annotations

Branches:
Dungeon (10/15)            Temple (1/1) D:6            Lair (0/6) D:9
  Sewer (visited)
    Orc: D:9-12

Altars:
Ashenzari
Cheibriados
Dithmenos
Elyvilon
Gozag
Hepliaklqana
Kikubaaqudgha
Makhleb
Nemelex Xobeh
Okawaru
Qazlal
Ru
Sif Muna
Trog
Uskayaw
Wu Jian
Xom
Yredelemnul
Zin
The Shining One

Shops:
D:7 ?


Message History

You erupt in a blast of force!
The mystic blast hits the orc!
You kill the orc!
The mystic blast hits the orc wizard!
The orc wizard is almost dead.
The orc wizard is knocked back by the mystic blast.
The orc wizard slams into the rock wall!
You kill the orc wizard!
The mystic blast hits the orc!
You kill the orc!
The mystic blast hits the orc!
You kill the orc!
The iguana hisses angrily.
The centaur shoots an arrow.
The arrow hits you!
Blink to where?
Press: ? - help, Dir - move target
As you read the scroll of blinking, it crumbles to dust.
A two-headed ogre comes into view.
It is wielding a +0 giant club and a +0 giant spiked club.
The two-headed ogre barely misses you.
The two-headed ogre hits you with a +0 giant spiked club!
You die...

,,,,,*.......##...###.,,,*
,,,,,*..c....§.........,,*
*,,,**$.....†[.........,,*
*,,,*,...$.).).........,,*
**,**,.......##.####...,,*
,*,*,,..###..##.########**
*****,#**.......l.......,*
*,,,***,,...(...........,*
*,_,+,,,........@.......,*
*,,,***,,......O####..$.,*
*****,***.......****,,,.,*
,*,*,,,,*##.....,,,,,,,,,*
**,**,,,,.......,,,,,,,,,*
*,,,*,,,,.......,,,,,,,,,*
*,,,**,,,.......,,,,,,,,,*
,,,,,*,,,.......,,,,,,,,,*
,,,,,*,,,,,,,,,,,,,,,,,,,*


You could see a two-headed ogre and an iguana.

Vanquished Creatures
  An unseen horror (D:9)
  Joseph (D:7)
  Grinder (D:6)
  A wyvern (D:6)
  Edmund (D:5)
  Duvessa (D:6)
  A phantom (D:7)
  An orc warrior (D:7)
  A sky beast (D:6)
  2 black bears
  An ice beast (D:7)
  2 centaurs (D:6)
  2 ogres
  4 bullfrogs
  A water moccasin skeleton (D:4)
  Dowan (D:6)
  4 scorpions
  A troll zombie (D:7)
  4 killer bees (D:8)
  2 wights (D:7)
  3 howler monkeys
  A hound (D:5)
  4 orc priests (D:4)
  A centaur skeleton (D:4)
  3 orc wizards
  5 human zombies (D:7)
  Crazy Yiuf (D:5)
  2 bullfrog skeletons
  An iguana (D:4)
  2 human skeletons (D:7)
  4 worker ants
  A hound skeleton (D:7)
  A mummy (D:7)
  A howler monkey skeleton (D:6)
  2 worker ant zombies
  8 gnolls
  17 adders
  11 river rats
  4 shadow imps
  2 white imps (D:6)
  2 ufetubi
  An adder skeleton (D:8)
  2 adder zombies
  A worm (D:5)
  3 dart slugs
  A leopard gecko (D:6)
  22 orcs
  8 bats
  6 giant cockroaches
  6 goblins
  7 hobgoblins
  4 jackals (D:3)
  16 ball pythons
  9 frilled lizards
  4 kobolds
  A leopard gecko skeleton (D:6)
  A leopard gecko zombie (D:6)
  An orc zombie (D:7)
  23 rats
225 creatures vanquished.

Vanquished Creatures (others)
  A fungus (D:9)
  5 plants
6 creatures vanquished.

Grand Total: 231 creatures vanquished

Notes
Turn   | Place    | Note
-------+----------+-------------------------------------------
     0 | D:1      | hawla the Deep Elf Conjurer began the quest for the Orb.
     0 | D:1      | Reached XP level 1. HP: 10/10 MP: 6/6
   243 | D:1      | Reached skill level 1 in Earth Magic
   243 | D:1      | Reached XP level 2. HP: 15/15 MP: 4/8
   246 | D:1      | Learned a level 2 spell: Searing Ray
   778 | D:2      | Reached skill level 1 in Necromancy
   943 | D:2      | Reached skill level 1 in Translocations
   975 | D:2      | Reached XP level 3. HP: 18/20 MP: 3/9
  1301 | D:2      | Noticed a black bear
  1308 | D:2      | Killed a black bear
  1309 | D:2      | Reached skill level 1 in Fighting
  1309 | D:2      | Reached skill level 1 in Transmutations
  1309 | D:2      | Reached XP level 4. HP: 11/25 MP: 4/10
  1309 | D:2      | Reached XP level 5. HP: 13/29 MP: 4/11
  1314 | D:2      | Learned a level 4 spell: Iskenderun's Mystic Blast
  1526 | D:2      | Found a burning altar of Makhleb.
  1675 | D:2      | Reached skill level 5 in Conjurations
  3576 | D:4      | Reached XP level 6. HP: 16/34 MP: 0/12
  4006 | D:4      | Found a white marble altar of Elyvilon.
  4367 | D:4      | Reached XP level 7. HP: 38/38 MP: 9/15
  4657 | D:5      | Entered Level 5 of the Dungeon
  4794 | D:5      | Found a glowing drain.
  4858 | Sewer    | Entered a sewer
  5035 | Sewer    | Reached skill level 5 in Spellcasting
  5671 | Sewer    | Reached skill level 1 in Staves
  5672 | Sewer    | Reached XP level 8. HP: 7/43 MP: 2/18
  6423 | D:5      | Found a runed translucent door.
  6424 | D:5      | Noticed Crazy Yiuf
  6686 | D:5      | Noticed Edmund
  6782 | D:5      | Killed Edmund
  7048 | D:5      | Reached skill level 1 in Fire Magic
  7048 | D:5      | Reached skill level 1 in Evocations
  8047 | D:5      | Killed Crazy Yiuf
  8512 | D:6      | Noticed Dowan
  8515 | D:6      | Noticed Duvessa
  8553 | D:6      | Killed Duvessa
  8561 | D:6      | Killed Dowan
  8771 | D:6      | Found a glowing golden altar of the Shining One.
  8928 | D:6      | Reached XP level 9. HP: 34/49 MP: 4/21
  9033 | D:6      | Noticed Grinder
  9038 | D:6      | Killed Grinder
  9039 | D:6      | Reached skill level 1 in Throwing
  9142 | D:6      | Found a staircase to the Ecumenical Temple.
  9164 | Temple   | Entered the Ecumenical Temple
  9846 | D:6      | Found an ornate altar of the Wu Jian Council.
 10624 | D:7      | Found a stormy altar of Qazlal.
 10626 | D:7      | Found a broken altar of Ashenzari.
 10875 | D:7      | Noticed Joseph
 10900 | D:7      | Got a smoking falchion
 10956 | D:7      | Found a basalt altar of Yredelemnul.
 11131 | D:7      | Reached skill level 5 in Staves
 11645 | D:7      | Found Sumairgh's Magic Scroll Shop.
 11658 | D:7      | Bought a scroll of holy word for 82 gold pieces
 11830 | D:7      | Killed Joseph
 11831 | D:7      | Reached skill level 5 in Stealth
 12421 | D:8      | Found a hazy altar of Hepliaklqana.
 12470 | D:8      | Reached XP level 10. HP: 56/56 MP: 13/25
 12585 | D:8      | You fall into a shaft and drop 2 floors!
 12585 | D:10     | Entered Level 10 of the Dungeon
 12599 | D:9      | Killed an unseen horror
 12600 | D:9      | Reached skill level 5 in Translocations
 12698 | D:9      | Noticed a two-headed ogre
 12698 | D:9      | Slain by a two-headed ogre

Illustrated notes

Levels and vault maps discovered:
D:1:      dpeg_arrival_rooms_c, layout_rooms, minmay_misc_feat_diagonals,
          lemuel_old_faithful
D:2:      cheibrodos_old_hovel, layout_loops_ring,
          nicolae_overflow_crystal_walls, minmay_tetromino_i4
D:3:      layout_basic
D:4:      layout_basic, lemuel_round_altar
D:5:      layout_basic, portal_sewer_entry_c, minmay_misc_feat_chi,
          hangedman_decor_slide_cut, minmay_checkerbox, uniq_crazy_yiuf_cottage,
          uniq_edmund
D:6:      layout_gridville, nzn_wu_jian_council_hall, tso_oasis_becter,
          minmay_temple_entry_tees, uniq_duvessa, uniq_grinder
D:7:      layout_cave_pods, lemuel_mausoleum_altar_yredelemnul,
          nicolae_overflow_hidden_temple, serial_shops, shop, abandoned_shop,
          uniq_joseph
D:8:      layout_gridville, lemuel_round_altar, nzn_hepliaklqana_mist_gate,
          minivault_23
D:9:      layout_gridville, vehumet_crystals, david_lair_generic,
          enter_bailey_3, nicolae_ashenzari_panopticon, uniq_prince_ribbit1
D:10:     layout_long_grid, orc_0_dummy, serial_shops, nicolae_shop_stone,
          uniq_josephine
Temple:   chequers_temple_sunken

Skill      XL: |  1  2  3  4  5  6  7  8  9 10 |
---------------+-------------------------------+-----
Earth Magic    | 1 3 4 |  4.3
Necromancy     | 1 |  1.0
Translocations | 1 2 3 4 5 |  5.1
Fighting       | 1 2 3 |  3.0
Transmutations | 1 |  1.0
Conjurations   | 5 6 7 9 |  9.2
Spellcasting   | 4 5 7 9 |  9.4
Stealth        | 3 4 5 |  5.2
Staves         | 1 3 5 |  5.3
Dodging        | 3 4 |  4.8
Fire Magic     | 1 |  1.0
Evocations     | 1 |  1.0
Throwing       | 1 |  1.0

Action                   |  1- 3 |  4- 6 |  7- 9 | 10-12 || total
-------------------------+-------+-------+-------+-------++-------
Melee: Unarmed           |     2 |     4 |       |       ||     6
       Quarterstaff      |       |     6 |   118 |       ||   124
       Staff             |       |       |    19 |       ||    19
Throw: Dart              |       |       |     5 |       ||     5
 Cast: Magic Dart        |    25 |    10 |    19 |     3 ||    57
       Searing Ray       |    19 |    33 |    60 |     1 ||   113
       Iskenderun's Myst |       |     1 |    73 |     4 ||    78
  Use: Scroll            |     4 |     4 |     5 |     5 ||    18
       Potion            |       |     1 |     2 |       ||     3
 Stab: Sleeping          |       |       |     7 |       ||     7
Armor: Robe              |     5 |     7 |    64 |     2 ||    78
       Skin              |       |       |     2 |       ||     2
Dodge: Dodged            |    20 |    14 |   150 |     7 ||   191
